 Dungeon Crawl Stone Soup version 0.20-a0-1089-g3fde505 (webtiles) character file.

46 M4edhros the Poker (level 3, -10/20 HPs)
             Began as a Kobold Chaos Knight on May 4, 2017.
             Mangled by a shadow (21 damage)
             ... summoned by the capriciousness of Xom
             ... on level 1 of the Dungeon.
             The game lasted 00:02:18 (5865 turns).

M4edhros the Poker (Kobold Chaos Knight)            Turns: 5865, Time: 00:02:18

Health: -10/20     AC:  5    Str:  9      XL:     3   Next: 95%
Magic:  3/3        EV: 14    Int: 11      God:    Xom [..*...]
Gold:   64         SH:  0    Dex: 13 (15) Spells: 2/2 levels left

rFire    . . .     SeeInvis .   a - +0 spear (chaos)
rCold    . . .     Gourm    .   (shield restricted)
rNeg     . . .     Faith    .   b - +2 leather armour
rPois    .         Spirit   .   (no helmet)
rElec    .         Reflect  .   (no cloak)
rCorr    .         Harm     .   (no gloves)
MR       .....                  (no boots)
Stlth    +.........             (no amulet)
Regen    0.1/turn               (no ring)
MPRegen  0.1/turn               (no ring)

@: no status effects
A: carnivore 3, dopey 1, frail 1
a: Renounce Religion


You were on level 1 of the Dungeon.
You worshipped Xom.
You were a toy of Xom.
You were full.

You visited 1 branch of the dungeon, and saw 1 of its levels.

You collected 64 gold pieces.

Inventory:

Hand Weapons
 a - a +0 spear of chaos (weapon)
Armour
 b - a +2 leather armour (worn)
Scrolls
 e - a scroll of fog
Comestibles
 c - a meat ration
 h - a royal jelly


   Skills:
 - Level 3.2 Fighting
 + Level 3.7 Polearms
 - Level 0.7 Armour
 - Level 2.4 Dodging


You had 2 spell levels left.
You didn't know any spells.

Dungeon Overview and Level Annotations

Branches:
Dungeon (1/15)

Altars:
Xom


Innate Abilities, Weirdness & Mutations

You are small and have problems with some larger weapons.
You are carnivorous and can eat meat at any time.
You are dopey. (Int -2)
You are frail. (-10% HP)


Message History

As you read the scroll labeled QYMIRE FAIP, it crumbles to dust.
The scroll dissolves into smoke.
It was a scroll of fog.
The shadow hits you.
As you read the scroll labeled GAQERA WUASO, it crumbles to dust.
It is a scroll of recharging.
You aren't carrying any rechargeable items.
The shadow hits you.
As you read the scroll labeled PESKUM POUSKO, it crumbles to dust.
Your +0 spear of chaos glows shining dun for a moment.
It was a scroll of random uselessness.
The shadow hits you. x2
As you read the scroll labeled LONUEJ ZUOJIRU, it crumbles to dust.
It is a scroll of identify.
You don't have any unidentified items.
The shadow slips into darkness.
The shadow flickers and vanishes!
Deactivating autopickup; reactivate with Ctrl-A.
The shadow hits you.
The shadow strikes at you from the darkness!
Ouch! That really hurt!
You die...
Xom laughs nastily!

>... ........
........#≈≈≈≈≈≈ ... #...#
#.#.#.#.####'## ..
#...######.#.#.#........
'####
####.........#.#.###..##
....# #.............####.##
....# #...................#
....# #.........##..####..#
.)..# #§§§§§.)..##..# #..#
....#########§§§@§....##..#
#..#
.............§§§§§....##..#
#..#
.............§W§§§....##..#
#..#
.##########.§.§§§§....##..#
#..# .# #..§....)...##..##
#...
.##########................#
#.#.
.#......_..................#
#.#.
)..########..########......#
#.#.
##.########..########......#
#.#.


You could see a shadow.

Vanquished Creatures
  2 leopard geckos (D:1)
  9 bats (D:1)
  3 giant cockroaches (D:1)
  7 goblins (D:1)
  2 hobgoblins (D:1)
  3 jackals (D:1)
  4 kobolds (D:1)
  2 frilled lizards (D:1)
  8 rats (D:1)
40 creatures vanquished.

Notes
Turn   | Place    | Note
-------+----------+-------------------------------------------
     0 | D:1      | M4edhros the Kobold Chaos Knight began the quest for the Orb.
     0 | D:1      | Reached XP level 1. HP: 14/14 MP: 1/1
   167 | D:1      | Reached XP level 2. HP: 19/19 MP: 2/2
  1111 | D:1      | XOM: harmless Erth miscast
  2174 | D:1      | XOM: cast spell 'Olgreb's Toxic Radiance'
  2178 | D:1      | Reached XP level 3. HP: 23/23 MP: 3/3
  2338 | D:1      | XOM: divination: detect items
  2572 | D:1      | XOM: cloud trail
  2640 | D:1      | XOM: harmless Hex miscast
  2763 | D:1      | XOM: 5-stop teleportation journey
  3248 | D:1      | XOM: summons 1 hostile demon
  3373 | D:1      | XOM: medium Chrm miscast
  3989 | D:1      | XOM: give mutation
  3989 | D:1      | Gained mutation: You have a pair of small horns on your head. [Xom's mischief]
  4390 | D:1      | XOM is BORED!
  4390 | D:1      | XOM: summons 4 hostile shadow creatures
  4581 | D:1      | XOM: mild Ice miscast
  4648 | D:1      | XOM: give mutations
  4648 | D:1      | Gained mutation: You are dopey. (Int -2) [Xom's mischief]
  4648 | D:1      | Gained mutation: You are frail. (-10% HP) [Xom's mischief]
  4648 | D:1      | Lost mutation: You have a pair of small horns on your head. [Xom's mischief]
  5103 | D:1      | XOM: summons 1 hostile demon
  5104 | D:1      | Noticed a chaos spawn
  5312 | D:1      | XOM: scenery: create altars
  5339 | D:1      | XOM: summons 1 hostile demon
  5620 | D:1      | XOM: god gift: scroll labeled POFUCE DICEPP {god gift}
  5860 | D:1      | XOM: medium Necr miscast
  5861 | D:1      | Noticed a shadow
  5861 | D:1      | Noticed a shadow
  5865 | D:1      | Mangled by a shadow

Vault maps used:
D:1:      ncdulo_wetmaze, minmay_heptomino_w4

Skill      XL: |  1  2 |
---------------+-------+-----
Polearms       | 3 |  3.7
Fighting       | |  3.2
Armour         | |  0.7
Dodging        | |  2.4

Action                   || total
-------------------------++-------
Melee: Spear             ||   159
       Headbutt          ||     2
  Use: Scroll            ||     5
 Stab: Sleeping          ||     2
       Confused          ||     2
  Eat: Chunk             ||    21
Armor: Leather armour    ||    45
Dodge: Dodged            ||   115
